 Dungeon Crawl Stone Soup version 0.20.1-1-g8b1a95d (webtiles) character file.

143 Sayu92 the Skirmisher (level 5, -8/33 HPs)
             Began as a Gargoyle Fighter on Dec 10, 2017.
             Killed by divine providence
             ... invoked by an orc priest
              (17 damage)
             ... on level 4 of the Dungeon.
             The game lasted 00:16:02 (2749 turns).

Sayu92 the Skirmisher (Gargoyle Fighter)            Turns: 2749, Time: 00:16:03

Health: -8/33      AC: 15    Str: 21    XL:     5   Next: 25%
Magic:  5/5        EV:  5    Int:  8    God:
Gold:   213        SH:  9    Dex:  9    Spells: 4/4 levels left

rFire    . . .     SeeInvis .   a - +0 flail
rCold    . . .     Gourm    .   c - +0 shield
rNeg     + . .     Faith    .   e - +0 chain mail
rPois    ∞         Spirit   .   (no helmet)
rElec    +         Reflect  .   (no cloak)
rCorr    .         Harm     .   (no gloves)
MR       .....                  x - +1 pair of boots
Stlth    ..........             (no amulet)
Regen    0.2/turn               (no ring)
MPRegen  0.1/turn               (no ring)

@: no status effects
A: negative energy resistance 1, electricity resistance, unbreathing,
petrification resistance, rot immunity, AC +4
a: no special abilities


You were on level 4 of the Dungeon.
You were not hungry.

You visited 1 branch of the dungeon, and saw 4 of its levels.

You collected 213 gold pieces.

Inventory:

Hand Weapons
 a - a +0 flail (weapon)
Armour
 b - a +0 scale mail
 c - a +0 shield (worn)
 e - a +0 chain mail (worn)
 n - a +0 pair of boots
 s - a +0 ring mail of cold resistance
 x - a +1 pair of boots (worn)
Scrolls
 g - a scroll of enchant armour {unknown}
 i - a scroll of identify
 j - a scroll of amnesia {unknown}
 k - a scroll of remove curse {unknown}
 l - 2 scrolls of enchant weapon {unknown}
 m - a scroll of magic mapping {unknown}
 r - 4 scrolls of teleportation
 t - a scroll of immolation {unknown}
 v - a scroll of blinking {unknown}
Potions
 d - a potion of might
 o - a potion of agility
 q - a potion of heal wounds {unknown}
 u - a potion of flight {unknown}
 w - a potion of haste {unknown}
 z - 2 potions of invisibility {unknown}
Comestibles
 f - 2 bread rations
 h - 6 fruits
 p - 3 royal jellies
 A - 2 chunks of flesh


   Skills:
 + Level 4.2 Fighting
 * Level 3.9 Maces & Flails
 - Level 3.2 Armour
 + Level 4.2 Shields


You had 4 spell levels left.
You didn't know any spells.

Dungeon Overview and Level Annotations

Branches:
Dungeon (4/15)
 Temple: D:4-7

Altars:

Annotations:
D:3 Sigmund


Innate Abilities, Weirdness & Mutations

You are resistant to torment.
Your stone body is resilient. (AC +4)
You are immune to poison.
You resist negative energy. (rN+)
You are resistant to electric shocks. (rElec)
You can survive without breathing.
You are immune to petrification.
You are immune to rotting.


Message History

Your shield prevents you from hitting the orc priest.
The orc priest invokes the aid of Beogh against you.
Beogh smites you! You block the orc's attack.
You closely miss the orc priest.
The orc priest hits you but does no damage.
The orc hits you but does no damage.
The orc priest hits you but does no damage.
You hit the orc priest but do no damage.
You block the orc's attack.
The orc priest calls down the wrath of Beogh upon you.
Beogh smites you!
You closely miss the orc priest. The orc hits you but does no damage.
The orc priest invokes the aid of Beogh against you.
Pain shoots through your body!
* * * LOW HITPOINT WARNING * * *
You barely miss the orc priest.
The orc priest calls down the wrath of Beogh upon you.
Beogh smites you!
Ouch! That really hurt!
You die...

####...........##.## #...
#............#.## #...
##..............# #...
#..............## #...
##..............# ##..
#...............# #..
#..............## ##.
#............oo# #### ##
##.........###@# ..... #
####...#### #.##......
##### ##........
##...........
###...............
###..................
##....................#
###.....................#
##............(..........#


You could see an orc priest and an orc.

Vanquished Creatures
  Crazy Yiuf (D:2)
  A bullfrog skeleton (D:4)
  4 adders
  A dart slug (D:4)
  2 leopard geckos
  An orc (D:4)
  A ball python (D:1)
  2 giant cockroaches (D:2)
  7 goblins
  5 hobgoblins
  3 jackals (D:2)
  4 kobolds
  A quokka (D:4)
  7 bats
  3 frilled lizards
  2 rats (D:1)
45 creatures vanquished.

Notes
Turn   | Place    | Note
-------+----------+-------------------------------------------
     0 | D:1      | Sayu92 the Gargoyle Fighter began the quest for the Orb.
     0 | D:1      | Reached XP level 1. HP: 14/14 MP: 1/1
   172 | D:1      | Reached XP level 2. HP: 17/19 MP: 2/2
   899 | D:2      | Reached XP level 3. HP: 24/24 MP: 3/3
  1399 | D:2      | Reached XP level 4. HP: 29/29 MP: 4/4
  1621 | D:2      | Found a runed door.
  1741 | D:2      | Noticed Crazy Yiuf
  1755 | D:2      | Killed Crazy Yiuf
  2229 | D:3      | Noticed Sigmund
  2518 | D:4      | Reached XP level 5. HP: 24/33 MP: 5/5
  2749 | D:4      | Killed from afar by an orc priest

Skill      XL: |  1  2  3  4 |
---------------+-------------+-----
Maces & Flails | 3 |  3.9
Fighting       | 4 |  4.2
Shields        | 4 |  4.2
Armour         | |  3.2

Action                   |  1- 3 |  4- 6 || total
-------------------------+-------+-------++-------
Melee: Flail             |   128 |    71 ||   199
  Use: Scroll            |       |     3 ||     3
       Potion            |       |     1 ||     1
  Eat: Chunk             |     2 |     4 ||     6
Armor: Scale mail        |     5 |       ||     5
       Chain mail        |    95 |    43 ||   138
Dodge: Dodged            |    33 |    20 ||    53
Block: Shield            |    76 |    22 ||    98
